 Dungeon Crawl Stone Soup version 0.31.0-32-g396128a36d (webtiles) character file.

Game seed: 10565248580951790526

2214 spaghetti the Trooper (level 9, -16/66 (93) HPs)
             Began as an Oni Chaos Knight on Mar 10, 2024.
             Was a Plaything of Xom.
             Demolished by a red ugly thing (18 damage)
             ... on level 7 of the Dungeon.
             The game lasted 00:11:35 (7638 turns).

spaghetti the Trooper (Oni Chaos Knight)            Turns: 7638, Time: 00:11:35

HP:   -16/66 (93)   AC: 13    Str: 26    XL:     9   Next: 35%
MP:   24/27         EV:  9    Int: 15    God:    Xom [..*...]
Gold: 476           SH:  0    Dex:  4    Spells: 12/21 levels left

rFire   . . .        j - +1 dagger (venom)
rCold   . . .        (no shield)
rNeg    . . .        x - +0 troll leather armour
rPois   .            (helmet restricted)
rElec   +            w - +2 cloak
rCorr   .            (gloves unavailable)
SInv    .            (boots unavailable)
Will    .....        (no amulet)
Stlth   +            r - ring of magical power
HPRegen 1.11/turn    u - +4 ring of protection
MPRegen 0.20/turn

%: random rage (3%)
@: on berserk cooldown, unable to call your familiar, slowed, very heavily
drained, very slow
A: large, unfitting armour, horns 1, tough skin 1, double potion healing,
drunken brawling, iridescent scales 1, berserk 1, clumsy 1, electricity
resistance, strong 2, wild magic 1
a: Renounce Religion


You were on level 7 of the Dungeon.
You worshipped Xom.
You were a toy of Xom.
You visited 1 branch of the dungeon, and saw 7 of its levels.

You collected 476 gold pieces.

Inventory:

Hand Weapons
 a - a +0 spear of chaos
 i - a +0 giant club
 j - a +1 dagger of venom (weapon)
 p - a +0 dagger of speed
 z - a +0 giant spiked club
Missiles
 d - an atropa-tipped dart (quivered)
 y - a throwing net
Armour
 b - a +2 robe
 h - a +1 cloak
 w - a +2 cloak (worn)
 x - a +0 troll leather armour (worn)
Jewellery
 r - a ring of magical power (left hand)
 u - a +4 ring of protection (right hand)
Wands
 k - a wand of mindburst (4)
 n - a wand of flame (18)
 s - a wand of iceblast (4)
Scrolls
 c - a scroll of silence
 g - 3 scrolls of enchant weapon
 l - a scroll of poison
 m - a scroll of vulnerability
 o - 2 scrolls of amnesia
 t - a scroll of revelation
Potions
 e - a potion of magic
 f - 2 potions of enlightenment
 q - 3 potions of curing


   Skills:
 - Level 7.3 Fighting
 - Level 3.0 Polearms
 - Level 2.1 Dodging
 + Level 6.5 Spellcasting
 + Level 5.4 Summonings
 - Level 3.0 Translocations
 - Level 3.0 Fire Magic
 + Level 4.3 Ice Magic


You had 12 spell levels left.
You knew the following spells:

 Your Spells              Type           Power      Damage    Failure   Level
a - Summon Ice Beast      Ice/Summ       25%        N/A       11%         3
b - Call Canine Familiar  Summ           27%        N/A       9%          3
c - Volatile Blastmotes   Fire/Tloc      36%        2d13      21%         3

Your spell library contained the following spells:

 Spells                   Type           Power      Damage    Failure   Level
 Summon Small Mammal      Summ           100%       N/A       3%          1
 Frozen Ramparts          Ice            46%        1d7       13%         3
 Hailstorm                Conj/Ice       14%        3d6       28%         3
 Summon Blazeheart Golem  Fire/Summ      22%        N/A       36%         4
 Dazzling Flash           Conj/Hex       12%        N/A       52%         3
 Leda's Liquefaction      Alch/Erth      3%         N/A       89%         4
 Petrify                  Alch/Erth      6%         N/A       89%         4
 Metabolic Englaciation   Hex/Ice        7%         N/A       92%         5
 Sculpt Simulacrum        Ice/Alch       7%         N/A       100%        6
 Starburst                Conj/Fire      6%         6d4       100%        6
 Maxwell's Capacitive Co  Air            3%         ∞         100%        8


Dungeon Overview and Level Annotations

Branches:
Dungeon (7/15)             Temple (0/1) D:6

Altars:
Hepliaklqana
Vehumet

Annotations:
D:7 Jeremiah


Innate Abilities, Weirdness & Mutations

You are too large for most types of armour.
You have a pair of small horns on your head.
You have tough skin. (AC +1)
You gain doubled healing and magic from potions.
Whenever you drink a healing potion, you attack all around you.
You are partially covered in iridescent scales. (AC +2)
You sometimes lose your temper in combat.
You are clumsy. (Dex -2)
You are resistant to electric shocks. (rElec)
Your muscles are very strong. (Str +8, Int/Dex -2)
Your spells are a little harder to cast, but a little more powerful.


Message History

Jeremiah hits you from afar with a +2 trident of draining.
You feel drained.
Your ice beast closely misses the butterfly.
Jeremiah hits you but does no damage.
You feel drained.
Your ice beast completely misses the butterfly.
As you read the scroll of teleportation, it crumbles to dust.
You feel strangely unstable.
The butterfly disappears in a burst of colours!
Jeremiah barely misses you.
The butterfly disappears in a burst of colours! x2
Jeremiah hits your ice beast with a +2 trident of draining.
Your ice beast hits Jeremiah.
Your ice beast freezes Jeremiah!
Jeremiah hits your ice beast with a +2 trident of draining!
Jeremiah drains your ice beast.
Your ice beast closely misses Jeremiah.
The butterfly disappears in a burst of colours!
Jeremiah hits your ice beast with a +2 trident of draining!
Jeremiah drains your ice beast.
Your ice beast dies!
Your ice beast disappears in a puff of smoke!
Your surroundings seem slightly different.
The butterfly disappears in a burst of colours!
Unknown command.
Unknown command.
Unknown command.
Okay, then.
Okay, then.
Okay, then.
Casting: Summon Ice Beast (dangerous; 11% risk of failure)
Confirm with . or Enter, or press ? or * to list all spells.
A chill wind blows around you.
The butterfly disappears in a burst of colours! x3
The red ugly thing claws you.
You are engulfed in flames!!
The red ugly thing claws you.
You are engulfed in flames!!
* * * LOW HITPOINT WARNING * * *
The butterfly disappears in a burst of colours! x5
Jeremiah hops!
The red ugly thing claws you.
* * * LOW HITPOINT WARNING * * *
You are engulfed in flames!!
You die...
Xom titters!

###########
#.........#
#.........#
#b.b°b....#
#..bbb..u.#
####...bb...@#
#####.....)b...Y.#
.......>..b.b:...#
......#...bb.....#
......#..........#
.......b...F.....#
.....###.###.....#
.....#.....#.'####
.....#..8..#..#


You could see a red ugly thing, Jeremiah and a friendly ice beast (summoned).

Vanquished Creatures
  A troll (D:7)
  4 ice beasts
  A black bear (D:6)
  2 ogres
  A scorpion (D:7)
  3 bombardier beetles
  3 hounds
  4 iguanas
  Natasha (thrice) (D:3)
  6 orc wizards
  9 adders
  2 shadow imps (D:6)
  2 dart slugs
  2 ribbon worms
  11 orcs
  8 endoplasms
  2 giant cockroaches
  6 goblins
  14 hobgoblins
  10 jackals
  3 kobolds
  3 quokkas
  8 ball pythons
  5 bats
  8 frilled lizards
  3 rats
124 creatures vanquished.

Vanquished Creatures (collateral kills)
  Menkaure (D:7)
  A phantom (D:4)
  A scorpion (D:5)
  2 gnoll sergeants
  A hound (D:5)
  2 jellies (D:6)
  An orc wizard (D:4)
  An iguana (D:5)
  7 gnolls
  4 adders
  3 orcs
  A hobgoblin (D:1)
  2 jackals
  A quokka (D:5)
28 creatures vanquished.

Grand Total: 152 creatures vanquished

Notes
Turn   | Place    | Note
-------+----------+-------------------------------------------
     0 | D:1      | spaghetti the Oni Chaos Knight began the quest for the Orb.
     0 | D:1      | Reached XP level 1. HP: 24/24 MP: 1/1
   108 | D:1      | Reached XP level 2. HP: 33/33 MP: 2/2
   196 | D:1      | Reached skill level 5 in Fighting
   401 | D:1      | Reached XP level 3. HP: 23/42 MP: 3/3
  1015 | D:2      | Reached skill level 6 in Fighting
  1113 | D:2      | XOM: potion effect (brilliance)
  1120 | D:2      | Reached XP level 4. HP: 46/53 MP: 4/4
  1122 | D:2      | XOM: divination: detect items
  1129 | D:2      | Reached skill level 7 in Fighting
  1137 | D:2      | XOM: polymorph ribbon worm -> quokka
  1371 | D:2      | XOM: silly message
  1455 | D:2      | XOM: smoke on damage
  1501 | D:2      | Reached XP level 5. HP: 62/62 MP: 5/5
  1620 | D:2      | Learned a level 3 spell: Summon Ice Beast
  1819 | D:3      | Noticed Natasha
  1821 | D:3      | XOM: destruction
  1827 | D:3      | Killed Natasha
  1828 | D:3      | Reached skill level 1 in Spellcasting
  1836 | D:3      | XOM: divination: detect items
  1866 | D:3      | Noticed Natasha
  1870 | D:3      | XOM: confuse monster(s)
  1873 | D:3      | Killed Natasha
  1874 | D:3      | Reached skill level 1 in Summonings
  1947 | D:3      | XOM: enchant monster (bad)
  2371 | D:3      | Found a faded altar of an unknown god.
  2394 | D:3      | Noticed Natasha
  2402 | D:3      | Killed Natasha
  2403 | D:3      | Reached XP level 6. HP: 71/71 MP: 9/9
  2631 | D:3      | XOM: give mutation
  2631 | D:3      | Gained mutation: Your spells are a little harder to cast,
                  | but a little more powerful. [Xom's mischief]
  3269 | D:4      | XOM: 1-stop teleportation journey
  3326 | D:4      | XOM: cloud trail
  3335 | D:4      | Found a radiant altar of Vehumet.
  3337 | D:4      | Found a hazy altar of Hepliaklqana.
  3607 | D:4      | Reached XP level 7. HP: 71/78 MP: 12/12
  3873 | D:4      | XOM: polymorph ice beast -> basilisk
  3883 | D:4      | XOM: polymorph basilisk -> fire bat
  3928 | D:4      | Reached skill level 1 in Ice Magic
  4073 | D:4      | XOM is BORED!
  4073 | D:4      | XOM: draining
  4152 | D:4      | XOM: summons 2 friendly demons
  4230 | D:4      | XOM: summons 4 hostile demons
  4293 | D:4      | XOM: god gift: atropa-tipped dart
  4482 | D:4      | XOM: give mutations
  4482 | D:4      | Gained mutation: You sometimes lose your temper in combat.
                  | [Xom's mischief]
  4482 | D:4      | Lost dexterity.
  4482 | D:4      | Gained mutation: Your muscles are strong. (Str +4, Int/Dex
                  | -1) [Xom's mischief]
  4482 | D:4      | Gained mutation: You are clumsy. (Dex -2) [Xom's mischief]
  4582 | D:5      | XOM: noise
  4582 | D:5      | Entered Level 5 of the Dungeon
  4630 | D:5      | XOM: 2-stop teleportation journey
  4652 | D:5      | XOM: potion effect (invisibility)
  4764 | D:4      | XOM: give mutations
  4764 | D:4      | Gained mutation: You are resistant to electric shocks.
                  | (rElec) [Xom's grace]
  4764 | D:4      | Gained mutation: Your muscles are very strong. (Str +8,
                  | Int/Dex -2) [Xom's grace]
  4764 | D:4      | Gained mutation: You are partially covered in iridescent
                  | scales. (AC +2) [Xom's grace]
  4914 | D:5      | XOM: divination: detect items
  5008 | D:5      | Reached skill level 5 in Spellcasting
  5008 | D:5      | Reached XP level 8. HP: 60/87 MP: 6/15
  5191 | D:5      | XOM: 3-stop teleportation journey
  5221 | D:5      | Learned a level 3 spell: Volatile Blastmotes
  5578 | D:5      | XOM: scenery: summon butterflies
  6005 | D:5      | Reached skill level 1 in Translocations
  6005 | D:5      | Reached skill level 1 in Fire Magic
  6250 | D:5      | XOM: stat loss: -1 Str (24/25)
  6324 | D:6      | Found a staircase to the Ecumenical Temple.
  6572 | D:6      | XOM: 1-stop teleportation journey
  6582 | D:6      | XOM: 3-stop teleportation journey
  6611 | D:6      | XOM is BORED!
  6677 | D:6      | XOM: 3-stop teleportation journey
  6712 | D:6      | XOM: silly message
  6979 | D:6      | Learned a level 3 spell: Call Canine Familiar
  7013 | D:7      | Noticed a troll
  7018 | D:7      | XOM: potion effect (berserk rage)
  7021 | D:7      | Killed a troll
  7022 | D:7      | Reached skill level 5 in Summonings
  7022 | D:7      | Reached XP level 9. HP: 93/93 MP: 18/18
  7109 | D:7      | Noticed a red ugly thing
  7478 | D:7      | Noticed Menkaure
  7478 | D:7      | XOM: cast spell 'Summon Small Mammal'
  7481 | D:7      | XOM: smoke on damage
  7486 | D:7      | Killed Menkaure
  7593 | D:7      | Noticed Jeremiah
  7603 | D:7      | XOM: confuse monster(s)
  7621 | D:7      | XOM: divination: detect creatures
  7638 | D:7      | HP: 2/66 [red ugly thing (6)]
  7638 | D:7      | Demolished by a red ugly thing

Illustrated notes

Levels and vault maps discovered:
D:1:      minmay_arrival_semitransparent, layout_rooms, grunt_decor_one_mirror,
          amcnicky_mini_rare_corridor_liquid, minmay_lizard_king
D:2:      layout_loops_cross, minivault_5, kennysheep_generic_room_10
D:3:      layout_basic, shapermc_ecumenical_altar_starsandcircs, uniq_natasha
D:4:      kennysheep_spiral_hall, layout_loops_ring,
          chequers_temple_overflow_statue_of_worship, kennysheep_generic_room_16
D:5:      layout_layer_cave, hex_medium, st_stairs_4, glass_columns_b,
          hangedman_abyss_or_decor_lesser_grid, serial_bayou_lagoon_a,
          minmay_holes
D:6:      layout_rooms, minmay_temple_entry_crystal_x
D:7:      kennysheep_windowed_halls, layout_basic, brannock_xom_greatest_gift,
          minmay_chambers_of_fives, uniq_crazy_yiuf_cottage, uniq_jeremiah,
          uniq_menkaure

Skill      XL: |  1  2  3  4  5  6  7  8  9 |
---------------+----------------------------+-----
Fighting       | 5 6 7 |  7.3
Spellcasting   | 2 3 5 6 |  6.5
Summonings     | 1 3 4 5 |  5.4
Ice Magic      | 2 3 4 |  4.3
Translocations | 2 3 |  3.0
Fire Magic     | 2 3 |  3.0
Polearms       | |  3.0
Dodging        | |  2.1

Action                     |  1- 3 |  4- 6 |  7- 9 || total
---------------------------+-------+-------+-------++-------
  Melee: Spear             |   127 |    21 |       ||   148
         Headbutt          |    11 |    26 |    34 ||    71
         Dagger            |       |   195 |   227 ||   422
         Punch             |       |     1 |     2 ||     3
   Cast: Summon Ice Beast  |       |       |    52 ||    52
         Call Canine Famil |       |       |    10 ||    10
    Use: Scroll            |       |    13 |     7 ||    20
         Potion            |       |     3 |     2 ||     5
   Stab: Distracted        |     1 |       |     1 ||     2
 Armour: Robe              |    73 |   172 |   248 ||   493
         Skin              |       |       |    71 ||    71
         Troll leather arm |       |       |    29 ||    29
  Dodge: Dodged            |    47 |   103 |    80 ||   230
